 Dungeon Crawl Stone Soup version 0.31-a0-549-gf98fd537a9 (webtiles) character file.

Game seed: 10023564761317405909

836 Ethylacetat the Ducker (level 7, -1/50 HPs)
             Began as an Octopode Gladiator on Aug 16, 2023.
             Slain by a killer bee (10 damage)
             ... on level 5 of the Dungeon.
             The game lasted 00:05:10 (2512 turns).

Ethylacetat the Ducker (Octopode Gladiator)         Turns: 2512, Time: 00:05:11

Health: -1/50      AC:  1    Str: 13    XL:     7   Next: 99%
Magic:  7/7        EV: 16    Int: 10    God:
Gold:   152        SH:  5    Dex: 16    Spells: 6/6 levels left

rFire   . .          .
                       - Unarmed
rCold   . . .        (no shield)
rNeg    . . .        a - +0 hat
rPois   .            p - amulet of reflection
rElec   .            (no ring)
rCorr   .            (no ring)
SInv    .            (no ring)
Will    .....        (no ring)
Stlth   ++           (no ring)
HPRegen 0.28/turn    (no ring)
MPRegen 0.10/turn    (no ring)
                     (no ring)

%: reflection
@: no status effects
A: almost no armour, amphibious, 8 rings, camouflage 1, gelatinous body 1,
(nimble swimmer 1), tentacles
a: no special abilities


You were on level 5 of the Dungeon.
You visited 1 branch of the dungeon, and saw 4 of its levels.

You collected 152 gold pieces.

Inventory:

Missiles
 b - 3 throwing nets
 c - 7 javelins
 h - 8 curare-tipped darts (quivered)
Armour
 a - a +0 hat (worn)
Jewellery
 p - an amulet of reflection (around mantle)
Wands
 q - a wand of polymorph (12)
Scrolls
 d - 2 scrolls of teleportation {unknown}
 e - 5 scrolls of identify {unknown}
 f - a scroll of enchant armour {unknown}
 i - 2 scrolls of torment {unknown}
 o - a scroll of noise {unknown}
 r - a scroll of blinking {unknown}
Potions
 g - 3 potions of curing {unknown}
 j - 3 potions of lignification {unknown}
 k - a potion of haste {unknown}
 l - 3 potions of berserk rage {unknown}
 m - 2 potions of attraction {unknown}
 n - a potion of heal wounds {unknown}


   Skills:
 + Level 5.3 Fighting
 - Level 2.1 Throwing
 + Level 5.8 Dodging
 + Level 5.7 Unarmed Combat


You had 6 spell levels left.
You didn't know any spells.
Your spell library contained the following spells:

 Spells                   Type           Power      Damage    Failure   Level
 Wereblood                Tmut           0%         N/A       50%         2
 Inner Flame              Hex/Fire       0%         N/A       75%         3
 Flame Wave               Conj/Fire      0%         2d4       98%         4
 Sticky Flame             Conj/Fire      0%         2d3       98%         4
 Irradiate                Conj/Tmut      0%         3d11      100%        5


Dungeon Overview and Level Annotations

Branches:
Dungeon (5/15)
 Temple: D:4-7

Altars:
Ashenzari
Ru


Innate Abilities, Weirdness & Mutations

You cannot wear most types of armour.
You are amphibious.
You can wear up to eight rings at the same time.
Your skin changes colour to match your surroundings (Stealth+).
Your rubbery body absorbs attacks. (AC +1, EV +1)
((You are camouflaged when in or above water. (Stealth+)))
You have tentacles for arms and can constrict up to eight enemies at once.


Message History

You feel sick. The killer bee stings you! The killer bee misses you.
You barely miss the killer bee. Your grab misses the killer bee.
The killer bee is almost dead.
You feel sick. The killer bee closely misses you.
You block the killer bee's attack.
You bludgeon the killer bee!
You kill the killer bee!
You feel sick.
You tentacle-slap the killer bee. Your grab misses the killer bee.
You tentacle-slap the killer bee.
You kill the killer bee!
You feel sick. The killer bee misses you.
You barely miss the killer bee. Your grab misses the killer bee.
You feel sick. The killer bee stings you!
* * * LOW HITPOINT WARNING * * *
The killer bee barely misses you.
You miss the killer bee. Your grab misses the killer bee.
Your squeeze misses the killer bee.
You feel sick. The killer bee closely misses you.
The killer bee stings you but does no damage.
You closely miss the killer bee. You grab the killer bee.
You constrict the killer bee.
You feel sick.
You are no longer poisoned.
The killer bee barely misses you.
An adder comes into view.
You block the killer bee's attack.
You bludgeon the killer bee!
The killer bee is heavily wounded.
You constrict the killer bee. The killer bee stings you.
* * * LOW HITPOINT WARNING * * *
You closely miss the killer bee.
The killer bee is severely wounded.
You constrict the killer bee. The killer bee stings you.
* * * LOW HITPOINT WARNING * * *
The killer bee closely misses you.
You closely miss the killer bee.
The killer bee is severely wounded.
You constrict the killer bee. The killer bee closely misses you.
The killer bee stings you!
You die...

#.......[##.#..
.......).#...#. ......
.............#. .....
...............#....
...............#...
........##........
#................
........##......##
........#.......@#
................#y..S...
...........#.#..#.......
...........#...##.......
..<........#..## ...##..
.......##.#...####... .
................# ...#
...##..........## ...#
...##...#..#....#


You could see a killer bee and an adder.

Vanquished Creatures
  A water moccasin (D:5)
  2 black bears
  A phantom (D:5)
  A bullfrog (D:4)
  2 scorpions (D:5)
  2 killer bees (D:5)
  A sleepcap (D:4)
  2 iguanas (D:5)
  An orc wizard (D:5)
  4 adders
  3 worms
  A dart slug (D:1)
  4 orcs
  4 ball pythons
  6 bats
  8 endoplasms
  3 giant cockroaches
  6 goblins
  6 hobgoblins
  5 jackals
  A quokka (D:5)
  4 kobolds
  2 rats
70 creatures vanquished.

Notes
Turn   | Place    | Note
-------+----------+-------------------------------------------
     0 | D:1      | Ethylacetat the Octopode Gladiator began the quest for the
                  | Orb.
     0 | D:1      | Reached XP level 1. HP: 14/14 MP: 1/1
    51 | D:1      | Reached XP level 2. HP: 19/19 MP: 2/2
   287 | D:1      | Reached XP level 3. HP: 20/25 MP: 3/3
   996 | D:2      | Reached XP level 4. HP: 30/30 MP: 4/4
  1044 | D:2      | You fall into a shaft and drop 2 floors!
  1046 | D:4      | Noticed a black bear
  1060 | D:4      | Killed a black bear
  1061 | D:4      | Reached XP level 5. HP: 19/36 MP: 5/5
  1271 | D:4      | Reached XP level 6. HP: 37/43 MP: 6/6
  1893 | D:5      | Entered Level 5 of the Dungeon
  1893 | D:5      | Found a sacrificial altar of Ru.
  2065 | D:5      | Reached skill level 5 in Dodging
  2065 | D:5      | Reached skill level 5 in Unarmed Combat
  2065 | D:5      | Reached XP level 7. HP: 49/49 MP: 7/7
  2313 | D:5      | Found a broken altar of Ashenzari.
  2330 | D:5      | Reached skill level 5 in Fighting
  2512 | D:5      | Slain by a killer bee

Illustrated notes

Levels and vault maps discovered:
D:1:      nicolae_arrival_memento_mori, layout_rooms
D:2:      layout_loops_corners, kennysheep_nub, chequers_garden,
          small_statue_intersection, minmay_tromino_v4_a
D:4:      layout_loops_ring, minmay_misc_feat_rugged, serial_bayou_pond_e,
          fountainhead, nicolae_figureground_sparkle
D:5:      layout_cave_pools, nicolae_ru_sacrificial_ziggurat,
          lemuel_blue_sif_altar, nicolae_ashenzari_panopticon,
          nemelex_dance_club_becter, minmay_temple_entry_drinking_statues

Skill      XL: |  1  2  3  4  5  6  7 |
---------------+----------------------+-----
Fighting       | 3 4 5 |  5.3
Dodging        | 4 5 |  5.8
Unarmed Combat | 4 5 |  5.7
Throwing       | |  2.1

Action                     |  1- 3 |  4- 6 |  7- 9 || total
---------------------------+-------+-------+-------++-------
  Melee: Unarmed           |    86 |    58 |    41 ||   185
         Constrict         |    19 |    15 |     9 ||    43
         Tentacles         |    19 |    16 |    10 ||    45
         Punch             |     2 |     2 |     4 ||     8
  Throw: Dart              |       |     8 |       ||     8
   Stab: Sleeping          |    11 |     7 |       ||    18
 Armour: Skin              |     7 |     1 |     1 ||     9
  Dodge: Dodged            |    45 |    44 |    26 ||   115
  Block: Other             |       |       |     8 ||     8

Table legend: (Time is in decaauts)
 A = Elapsed time spent in this place.
 B = Non-inter-level travel time spent in this place.
 C = Inter-level travel time spent in this place.
 D = Time resting spent in this place.
 E = Time spent auto-exploring this place.
 F = Levels seen in this place.
 G = Mean time per level.
                   A        B        C        D        E       F      G
               +--------+--------+--------+--------+--------+-----+--------+
         Total |   2496 |   2467 |     29 |    118 |   1854 |   4 |  624.0 |
       Dungeon |   2496 |   2467 |     29 |    118 |   1854 |   4 |  624.0 |
               +--------+--------+--------+--------+--------+-----+--------+

Top non-repeatable levels by time:
     D:4: 844 daAuts
     D:5: 613 daAuts
     D:2: 579 daAuts
     D:1: 459 daAuts
